 Dungeon Crawl Stone Soup version 0.29.1-1-gd02db6906a (webtiles) character file.

Game seed: 1363203905113504824

1727 plokij the Slasher (level 8, -1/88 (106) HPs)
             Began as a Minotaur Fighter on Oct 20, 2022.
             Was a Believer of Okawaru.
             Slain by a wight
             ... wielding a +1 long sword of freezing
              (6 damage)
             ... on level 5 of the Dungeon.
             The game lasted 00:14:06 (6668 turns).

plokij the Slasher (Minotaur Fighter)               Turns: 6668, Time: 00:14:06

HP:   -1/88 (106)   AC: 24    Str: 21    XL:     8   Next: 75%
MP:   7/7           EV:  2    Int:  5    God:    Okawaru [**....]
Gold: 214           SH:  5    Dex: 12    Spells: 7/7 levels left

rFire   . . .      SeeInvis .   a - +0 long sword
rCold   . . .      Faith    .   c - +0 buckler
rNeg    . . .      Spirit   .   (body armour currently unavailable)
rPois   +          Reflect  .   (helmet currently unavailable)
rElec   .          Harm     .   (cloak currently unavailable)
rCorr   .          Rampage  .   (gloves currently unavailable)
Will    .....      NoTele   +   (boots currently unavailable)
Stlth   +.........              (no amulet)
HPRegen 0.24/turn               (no ring)
MPRegen 0.10/turn               (no ring)

@: tree-form, heavily drained
A: stationary, stasis, torment immunity, boosted hp, (horns 2), (retaliatory
headbutt)
a: Renounce Religion, Heroism


You were on level 5 of the Dungeon.
You worshipped Okawaru.
Okawaru was pleased with you.
You were a tree.
You visited 2 branches of the dungeon, and saw 7 of its levels.

You collected 214 gold pieces.

Inventory:

Hand Weapons
 a - a +0 long sword (weapon)
Armour
 c - a +0 buckler (worn)
 s - a +0 pair of gloves (melded)
 t - a +0 cloak (melded)
 C - a +0 plate armour (melded)
 E - a +0 pair of boots (melded)
Magical Staves
 y - a staff of air
Jewellery
 i - a ring of magical power
 B - a ring of ice
Wands
 n - a wand of iceblast (1)
 o - a wand of acid (8)
Scrolls
 b - a scroll of summoning {unknown}
 f - 3 scrolls of teleportation {unknown}
 g - 3 scrolls of identify {unknown}
 h - a scroll of blinking {unknown}
 l - a scroll of fear {unknown}
 q - a scroll of enchant armour {unknown}
 r - 2 scrolls of noise {unknown}
 v - a scroll of immolation {unknown}
 w - a scroll of silence {unknown}
 x - a scroll of fog {unknown}
Potions
 d - 3 potions of might
 e - 3 potions of curing
 j - 2 potions of lignification
 k - a potion of brilliance {unknown}
 m - 3 potions of attraction {unknown}
 p - 3 potions of flight {unknown}
 u - 2 potions of heal wounds {unknown}
 z - a potion of mutation {unknown}
 A - a potion of invisibility {unknown}
 D - a potion of ambrosia {unknown}


   Skills:
 + Level 6.4 Fighting
 + Level 6.9 Long Blades
 + Level 6.6 Armour
 * Level 6.3 Dodging
 + Level 6.5 Shields


You had 7 spell levels left.
You didn't know any spells.
Your spell library contained the following spells:

 Spells                   Type           Power      Damage    Failure   Level
 Frozen Ramparts          Ice            0%         1d1       90%         3
 Ozocubu's Armour         Ice            0%         N/A       90%         3
 Ice Form                 Ice/Tmut       0%         N/A       100%        4
 Metabolic Englaciation   Hex/Ice        0%         N/A       100%        5
 Summon Ice Beast         Ice/Summ       Unusable   N/A       N/A         4
 Simulacrum               Ice/Necr       Unusable   N/A       N/A         6

Dungeon Overview and Level Annotations

Branches:
Dungeon (6/15)             Temple (1/1) D:4

Altars:
Cheibriados
Dithmenos
Elyvilon
Fedhas
Makhleb
Nemelex Xobeh
Okawaru
Qazlal
Ru
Sif Muna
Trog
Yredelemnul

Shops:
D:1 (   D:4 (

Annotations:
D:3 2 transporters, funnyparkerb's ghost, amateur MfMo


Innate Abilities, Weirdness & Mutations

You are a tree.
Your roots penetrate the ground, keeping you stationary.
You cannot be teleported.
You are immune to unholy pain and torment.
Your maximum health is greatly increased.
Your equipment is partially melded.
((You have a pair of horns on your head.))
((You reflexively headbutt those who attack you in melee.))


Message History

You headbutt the wight, but do no damage.
The wight is heavily damaged.
You block the wight's attack. The wight hits you but does no damage.
You block the wight's attack. x2
You hit the wight but do no damage.
The wight is heavily damaged.
The wight hits you with a +2 short sword.
The wight hits you with a +1 long sword of freezing!
* * * LOW HITPOINT WARNING * * *
The wight freezes you.
* * * LOW HITPOINT WARNING * * *
It was a potion of curing.
You feel better.
The wight hits you with a +2 short sword.
* * * LOW HITPOINT WARNING * * *
You feel drained. You block the wight's attack.
It was a potion of lignification.
You turn into a tree.
Your +0 cloak melds into your body.
Your +0 pair of gloves melds into your body.
Your +0 pair of boots melds into your body.
Your +0 plate armour melds into your body.
Your roots penetrate the ground.
You block the wight's attack. The wight hits you but does no damage.
You hit the wight.
The wight is severely damaged.
You block the wight's attack.
The wight hits you with a +1 long sword of freezing.
* * * LOW HITPOINT WARNING * * *
You feel drained.
* * * LOW HITPOINT WARNING * * *
The wight freezes you.
* * * LOW HITPOINT WARNING * * *
You hit the wight but do no damage.
The wight is severely damaged.
The wight hits you but does no damage.
The wight hits you with a +1 long sword of freezing!
* * * LOW HITPOINT WARNING * * *
You feel drained.
* * * LOW HITPOINT WARNING * * *
The wight freezes you.
You die...

#### ##..## #..## #...
###..# ##..###..# ##...
#....## ##..#.)##### #....
......# ##........####
#.... ......#
#...........# #....
##....# #...........##
#.... .#....#
##............## #####
.#....##
#....zz........#######.
.#.....#
#.....♣........#.......
.#.....#
#................######
.#.....#
##..............###
.#.....###..............##
.#.....##..#............#
##....##.####..........##
##.#....## #.........##
##......# ##........##
#####..## #####.....#


You could see 2 wights.

Vanquished Creatures
  Sigmund (D:3)
  A human (D:4)
  Edmund (D:5)
  A black bear (D:5)
  An ice beast (D:5)
  3 ogres (D:5)
  2 phantoms (D:5)
  A necrophage (D:4)
  2 scorpions (D:5)
  A gnoll bouda (D:5)
  2 orc priests (D:4)
  4 hounds
  A jelly (D:5)
  An iguana (D:5)
  3 orc wizards (D:3)
  6 gnolls
  5 adders
  An ufetubus (D:4)
  3 worms
  2 dart slugs
  14 orcs
  5 ball pythons
  8 endoplasms
  6 giant cockroaches
  5 goblins
  2 hobgoblins
  6 jackals
  7 quokkas
  4 bats
  4 frilled lizards
  A goblin zombie (D:4)
  7 kobolds
  A rat (D:3)
112 creatures vanquished.

Vanquished Creatures (others)
  6 plants (D:3)
6 creatures vanquished.

Grand Total: 118 creatures vanquished

Notes
Turn   | Place    | Note
-------+----------+-------------------------------------------
     0 | D:1      | plokij the Minotaur Fighter began the quest for the Orb.
     0 | D:1      | Reached XP level 1. HP: 19/19 MP: 0/0
   353 | D:1      | Found Dasaten's Antique Weapon Shop.
   460 | D:1      | Reached XP level 2. HP: 27/27 MP: 1/1
   659 | D:1      | Reached skill level 1 in Dodging
   675 | D:1      | Reached XP level 3. HP: 21/33 MP: 2/2
   813 | D:1      | Found a faded altar of an unknown god.
  1674 | D:2      | Reached XP level 4. HP: 19/40 MP: 3/3
  2361 | D:3      | Found a burning altar of Makhleb.
  2469 | D:3      | Reached XP level 5. HP: 27/47 MP: 4/4
  2632 | D:3      | Found a transporter.
  2641 | D:3      | Noticed funnyparkerb's ghost (amateur MfMo)
  2727 | D:3      | Found a transporter.
  2771 | D:3      | Found a bloodstained altar of Trog.
  2921 | D:3      | Noticed Sigmund
  2940 | D:3      | Killed Sigmund
  2941 | D:3      | Reached skill level 5 in Long Blades
  2941 | D:3      | Reached XP level 6. HP: 25/53 MP: 5/5
  3476 | D:4      | Found a staircase to the Ecumenical Temple.
  3484 | Temple   | Entered the Ecumenical Temple
  3484 | Temple   | Found a transporter.
  3484 | Temple   | Found a transporter.
  3486 | Temple   | Found a transporter.
  3486 | Temple   | Found a transporter.
  3525 | D:4      | Reached skill level 5 in Armour
  3546 | D:4      | Found Ysoeghig's Antique Weapon Shoppe.
  3938 | D:4      | Reached skill level 5 in Fighting
  3974 | D:4      | Found an iron altar of Okawaru.
  3982 | D:4      | Became a worshipper of Warmaster Okawaru
  4102 | D:4      | Reached skill level 5 in Shields
  4108 | D:4      | Reached XP level 7. HP: 49/61 MP: 6/6
  4209 | D:4      | Found a runed translucent door.
  4209 | D:4      | Noticed a human
  4210 | D:4      | Found a basalt altar of Yredelemnul.
  4256 | D:4      | Killed a human
  4502 | D:5      | Entered Level 5 of the Dungeon
  5082 | D:5      | Reached XP level 8. HP: 41/70 MP: 7/7
  5412 | D:5      | Reached skill level 5 in Dodging
  5416 | D:5      | Reached * piety under Okawaru
  5774 | D:5      | Noticed Edmund
  5805 | D:5      | Killed Edmund
  6123 | D:5      | Found a shimmering blue altar of Sif Muna.
  6214 | D:5      | Reached ** piety under Okawaru
  6668 | D:5      | Slain by a wight

Illustrated notes

Levels and vault maps discovered:
D:1:      lightli_arrival_boilingwater, layout_loops_ring,
          shapermc_ecumenical_altar_ellora, serial_shops, nicolae_shop_stone
D:2:      layout_loops_corners, kennysheep_generic_room_11
D:3:      layout_loops_ring, lightli_temple_of_fire, overflow_temple_1_default,
          gammafunk_ghost_gnarly_gnolls, uniq_sigmund
D:4:      layout_rooms, okawaru_metal_pillars_1_2, dk_yredelemnul_ordeal,
          minmay_temple_entry_slanted, nicolae_inconvenience_store
D:5:      minmay_chambers_of_threes, layout_cave_pods, general_overflow_altar,
          uniq_edmund
D:6:      layout_rooms, nicolae_overflow_crystal_walls, xom_teletrap_fun,
          grunt_decor_mini_mirrors
Temple:   hellmonk_temple_divided_pantheon

Skill      XL: |  1  2  3  4  5  6  7  8 |
---------------+-------------------------+-----
Long Blades    | 3 4 5 6 |  6.9
Dodging        | 1 2 3 4 6 |  6.3
Fighting       | 4 5 6 |  6.4
Armour         | 4 5 6 |  6.6
Shields        | 4 5 6 |  6.5

Action                   |  1- 3 |  4- 6 |  7- 9 || total
-------------------------+-------+-------+-------++-------
Melee: Long sword        |    84 |   136 |   193 ||   413
       Headbutt          |    12 |    19 |    36 ||    67
  Use: Potion            |       |       |     2 ||     2
Armor: Scale mail        |    52 |    38 |    42 ||   132
       Plate armour      |       |       |    21 ||    21
       Skin              |       |       |     2 ||     2
Dodge: Dodged            |    47 |    35 |    74 ||   156
Block: Buckler           |    26 |    39 |    42 ||   107
